 Dungeon Crawl Stone Soup version 0.18-a0-1539-g1c7284a (webtiles) character file.

62 GrosslyIncandescent the Insei (level 3, 0/29 HPs)
             Began as a Mummy Monk on Mar 9, 2016.
             Slain by a kobold
             ... wielding a +0 short sword
              (5 damage)
             ... on level 3 of the Dungeon.
             The game lasted 00:02:30 (1649 turns).

GrosslyIncandescent the Insei (Mummy Monk)          Turns: 1649, Time: 00:02:30

Health: 0/29       AC:  0    Str: 14    XL:     3   Next: 85%
Magic:  0/3        EV: 13    Int:  9    God:
Gold:   57         SH:  0    Dex: 15    Spells: 0 memorised, 2 levels left

rFire  x . .     SeeInvis .       - Unarmed
rCold  + . .     Gourm    .     (no armour)
rNeg   + + +     Faith    .     (no shield)
rPois  ∞         Spirit   +     (no helmet)
rElec  .         Dismiss  .     (no cloak)
rCorr  .         Reflect  .     (no gloves)
SustAt .         Harm     .     (no boots)
MR     .....                    b - amulet of guardian spirit
Stlth  +++.......               d - ring of stealth
                                (no ring)

@: not resistant to hostile enchantments, fairly stealthy
A: no food or potions, fire vulnerability, cold resistance 1, negative energy
resistance 3, torment resistance, unbreathing
a: no special abilities


You were on level 3 of the Dungeon.
You were not hungry.

You visited 1 branch of the dungeon, and saw 3 of its levels.

You collected 57 gold pieces.


Innate Abilities, Weirdness & Mutations

You do not eat or drink.
Your flesh is vulnerable to fire.
You are immune to poison.
Your flesh is cold resistant.
You are immune to negative energy.
You are immune to unholy pain and torment.
You can survive without breathing.


   Skills:
 - Level 3.0 Fighting
 - Level 2.4 Dodging
 - Level 1.5 Stealth
 + Level 4.5 Unarmed Combat


You had 2 spell levels left.
You didn't know any spells.

Inventory:

Jewellery
 b - an amulet of guardian spirit (around neck)
 d - a ring of stealth (right hand)
Scrolls
 a - 2 scrolls of remove curse {unknown}
 c - a scroll of identify {unknown}

Dungeon Overview and Level Annotations

Branches:
Dungeon (3/15)

Altars:

▒▒▒▒. ▒....
....▒▒▒ ▒......
..▒.▒...▒▒
▒....£..
▒...▒▒▒▒.▒
▒.▒▒▒▒...KM...▒
........▒▒▒▒▒▒▒
▒.▒▒▒▒▒.▒ ▒▒†▒▒
▒▒...▒▒
▒▒..<..▒▒
▒▒.......▒▒
▒.........▒
+.........+


You could see a kobold.


Message History

The jackal is heavily wounded!
The jackal closely misses you! The kobold closely misses you!
The kobold hits you with a short sword! The jackal closely misses you!
The jackal bites you!
You miss the jackal!
The jackal is heavily wounded!
The jackal closely misses you!
You closely miss the jackal!
The jackal is heavily wounded!
The jackal bites you! * * * don't die
* * * You closely miss the jackal!
The jackal is heavily wounded!
The jackal closely misses you! x2
You pulverise the jackal!
You annihilate the jackal!!!
You barely miss the kobold! The kobold hits you with a short sword!
You miss the kobold! The kobold closely misses you!
You pummel the kobold but do no damage! The kobold barely misses you!
You closely miss the kobold! The kobold closely misses you!
You pummel the kobold but do no damage! The kobold misses you!
You closely miss the kobold!
The kobold hits you with a short sword! * * * don't die
* * * You closely miss the kobold!
The kobold hits you with a short sword! * * * don't die
* * * You barely miss the kobold!
The kobold closely misses you!
You closely miss the kobold!
The kobold hits you with a short sword! * * * don't die
* * * You completely miss the kobold!
The kobold hits you with a short sword! rip

Action                   || total
-------------------------++-------
Melee: Unarmed           ||   153
 Stab: Sleeping          ||     6

Vault maps used:
D:1:      lemuel_arrival_room
D:3:      serial_bayou_lagoon_b

Notes
Turn   | Place    | Note
--------------------------------------------------------------
     0 | D:1      | GrosslyIncandescent the Mummy Monk began the quest for the Orb.
     0 | D:1      | Reached XP level 1. HP: 18/18 MP: 1/1
     6 | D:1      | Ah, good old trunkmumo.
   126 | D:1      | pls be inaccuracy
   250 | D:1      | Reached XP level 2. HP: 21/24 MP: 2/2
   733 | D:1      | Reached skill level 4 in Unarmed Combat
   940 | D:1      | Reached XP level 3. HP: 27/29 MP: 3/3
  1649 | D:3      | Slain by a kobold

Vanquished Creatures
  2 adders (D:2)
  2 dart slugs (D:1)
  2 giant cockroaches (D:1)
  3 goblins
  5 hobgoblins
  8 jackals
  3 kobolds
  A quokka (D:2)
  6 bats
  2 giant newts
  2 rats
36 creatures vanquished.
